 Dungeon Crawl Stone Soup version 0.21-a0-52-gbf49515 (webtiles) character file.

321 Fv001 the Chiller (level 6, -2/44 HPs)
             Began as a Barachi Ice Elementalist on June 14, 2017.
             Slain by yrara's ghost (13 damage)
             ... on level 4 of the Dungeon.
             The game lasted 00:16:53 (4444 turns).

Fv001 the Chiller (Barachi Ice Elementalist)        Turns: 4444, Time: 00:16:53

Health: -2/44      AC: 11    Str: 10    XL:     6   Next: 46%
Magic:  0/12       EV: 13    Int: 16    God:
Gold:   146        SH:  0    Dex: 13    Spells: 3/13 levels left

rFire    + . .     SeeInvis .   b - +0 short sword
rCold    + . .     Gourm    .   (no shield)
rNeg     . . .     Faith    .   d - +2 animal skin
rPois    .         Spirit   +   j - +1 helmet
rElec    .         Reflect  .   m - scarf {rC+ rF+}
rCorr    .         Harm     .   (no gloves)
MR       .....                  (no boots)
Stlth    ++........             u - amulet of guardian spirit
Regen    0.2/turn               (no ring)
MPRegen  0.2/turn               (no ring)

@: icy armour (expiring), very slow
A: +LOS, swims, slowness 1, strong legs 1
a: Hop


You were on level 4 of the Dungeon.
You were not hungry.

You visited 1 branch of the dungeon, and saw 4 of its levels.

You collected 146 gold pieces.

Inventory:

Hand Weapons
 a - a +2 dagger of speed
 b - a +0 short sword (weapon)
Armour
 d - a +2 animal skin (worn)
 j - a +1 helmet (worn)
 m - a scarf of resistance (worn)
Jewellery
 u - an amulet of guardian spirit (around neck)
Wands
 e - a wand of polymorph (9/24)
Scrolls
 o - 2 scrolls of teleportation
 s - a scroll of fog {unknown}
 t - a scroll of remove curse
Potions
 f - 2 potions of curing
 h - 2 potions of flight
 i - 3 potions of ambrosia
 k - a potion of resistance {unknown}
 l - a potion of haste {unknown}
 n - 2 potions of mutation {unknown}
 q - a potion of heal wounds {unknown}
 r - a potion of brilliance {unknown}
Books
 g - a book of Frost

   Spells                             Type                      Level
   a - Freeze                         Ice                          1
   b - Throw Frost                    Conjuration/Ice              2
   c - Ozocubu's Armour               Charms/Ice                   3
   d - Throw Icicle                   Conjuration/Ice              4
   e - Summon Ice Beast               Ice/Summoning                4
Comestibles
 c - 3 bread rations


   Skills:
 + Level 2.2 Fighting
 + Level 1.8 Short Blades
 + Level 2.9 Dodging
 + Level 2.6 Stealth
 + Level 4.2 Spellcasting
 + Level 1.5 Conjurations
 + Level 0.2 Charms
 + Level 5.0 Ice Magic


You had 3 spell levels left.
You knew the following spells:

 Your Spells              Type           Power        Failure   Level  Hunger
a - Freeze                Ice            ###.         1%          1    None
b - Throw Frost           Conj/Ice       ##....       6%          2    ##.....
c - Ozocubu's Armour      Chrm/Ice       ##......     17%         3    ###....
d - Throw Icicle          Conj/Ice       ##......     38%         4    ####...


Dungeon Overview and Level Annotations

Branches:
Dungeon (4/15)
 Temple: D:4-7

Altars:
Ashenzari

Annotations:
D:4 yrara's ghost, amateur DsFi


Innate Abilities, Weirdness & Mutations

Shadows flee at your approach. (+LOS)
You can swim through water.
You cover ground slowly.
You can hop short distances.


Message History

Aiming: Freeze
Press: ? - help, Shift-Dir - straight line, f/p - yrara's ghost
Aim: yrara's ghost, wielding a weapon of chaos (severely damaged)
You freeze yrara's ghost.
Yrara's ghost is almost destroyed.
You feel yourself speed up. Yrara's ghost hits you.
* * * LOW HITPOINT WARNING * * *
Yrara's ghost hits you but does no damage.
Your icy armour starts to melt.
Yrara's ghost closely misses you.
Casting: Freeze
Confirm with . or Enter, or press ? or * to list all spells.
Aiming: Freeze
Press: ? - help, Shift-Dir - straight line, f/p - yrara's ghost
Aim: yrara's ghost, wielding a weapon of chaos (almost destroyed)
You freeze yrara's ghost.
Yrara's ghost is almost destroyed.
Yrara's ghost hits you!
You die...

###..# .....#
#..?. '... #..
#.# #.#
#.#######
#....W@.#
#######.# #.#
#.######
#.#....#
#.#....##
#.#.....#####
#....#P.....#
###..#PP.P..##


You could see yrara's ghost.

Vanquished Creatures
  A crimson imp (D:3)
  Jessica (D:3)
  Terence (D:3)
  An iguana (D:4)
  Robin (D:2)
  9 adders
  2 oozes
  A worm (D:1)
  5 leopard geckos
  4 orcs (D:3)
  A ball python (D:1)
  3 bats
  3 giant cockroaches
  17 goblins
  11 hobgoblins
  6 jackals
  13 frilled lizards
  10 kobolds
  9 rats
99 creatures vanquished.

Notes
Turn   | Place    | Note
-------+----------+-------------------------------------------
     0 | D:1      | Fv001 the Barachi Ice Elementalist began the quest for the Orb.
     0 | D:1      | Reached XP level 1. HP: 13/13 MP: 3/3
   425 | D:1      | Reached XP level 2. HP: 19/19 MP: 3/5
   526 | D:1      | Learned a level 2 spell: Throw Frost
   573 | D:1      | Reached skill level 4 in Ice Magic
   831 | D:1      | Reached XP level 3. HP: 20/24 MP: 6/6
   844 | D:1      | Learned a level 3 spell: Ozocubu's Armour
  1579 | D:2      | Found a shattered altar of Ashenzari.
  1588 | D:2      | Noticed Robin
  1755 | D:2      | Reached XP level 4. HP: 30/30 MP: 5/8
  2802 | D:2      | Killed Robin
  2802 | D:2      | Reached XP level 5. HP: 36/36 MP: 3/10
  2980 | D:2      | Learned a level 4 spell: Throw Icicle
  3316 | D:3      | Reached skill level 5 in Ice Magic
  3344 | D:3      | Noticed Terence
  3376 | D:3      | Killed Terence
  3376 | D:3      | Reached skill level 1 in Fighting
  3705 | D:3      | Reached skill level 1 in Short Blades
  3732 | D:3      | Noticed Jessica
  3738 | D:3      | Killed Jessica
  3738 | D:3      | Reached XP level 6. HP: 38/44 MP: 3/11
  4069 | D:4      | Noticed Grinder
  4145 | D:4      | Paralysed by Grinder for 7 turns
  4161 | D:3      | Noticed Grinder
  4161 | D:3      | Grinder changed into Grinder the crimson imp
  4174 | D:3      | Killed Grinder the crimson imp
  4406 | D:4      | Noticed yrara's ghost (amateur DsFi)
  4444 | D:4      | Slain by yrara's ghost

Vault maps used:
D:1:      eino_arrival_water_cross
D:2:      overflow_temple_1_default, first_bread, uniq_robin
D:3:      uniq_terence, uniq_jessica
D:4:      nicolae_tso_swordbearing_angel, minmay_lizard_king,
          uniq_blork_the_orc, uniq_grinder

Skill      XL: |  1  2  3  4  5  6 |
---------------+-------------------+-----
Stealth        | 2 |  2.6
Ice Magic      | 4 5 |  5.0
Spellcasting   | 3 4 |  4.2
Fighting       | 1 2 |  2.2
Short Blades   | 1 |  1.8
Dodging        | |  2.9
Conjurations   | |  1.5
Charms         | |  0.2

Action                   |  1- 3 |  4- 6 || total
-------------------------+-------+-------++-------
Melee: Spear             |    78 |    34 ||   112
       Unarmed           |     4 |       ||     4
       Dagger            |     1 |    45 ||    46
       Short sword       |       |    77 ||    77
 Cast: Freeze            |    36 |    53 ||    89
       Throw Frost       |     8 |    42 ||    50
       Ozocubu's Armour  |       |     6 ||     6
 Abil: Hop               |       |     2 ||     2
Evoke: Wand              |       |     1 ||     1
  Use: Scroll            |     6 |     6 ||    12
 Stab: Sleeping          |     5 |     5 ||    10
  Eat: Chunk             |     4 |     7 ||    11
       Meat ration       |       |     1 ||     1
Armor: Robe              |    14 |     8 ||    22
       Animal skin       |       |    53 ||    53
Dodge: Dodged            |    46 |   144 ||   190
